 Dungeon Crawl Stone Soup version 0.29.0-11-gd7f09526c8 (webtiles) character file.

Game seed: 1799067330440639718

61 rinta the Ducker (level 4, -3/32 HPs)
             Began as a Djinni Fire Elementalist on Sept 5, 2022.
             Was a Priest of Uskayaw.
             Slain by a goblin
             ... wielding a +0 club
             ... led by Robin
              (4 damage)
             ... on level 2 of the Dungeon.
             The game lasted 00:09:37 (2343 turns).

rinta the Ducker (Djinni Fire Elementalist)         Turns: 2343, Time: 00:09:37

Health: -3/32      AC:  2    Str:  9    XL:     4   Next: 27%
Gold:   54         EV: 12    Int: 17    God:    Uskayaw [***...] SH:  0 Dex: 13

rFire   + + .      SeeInvis .   d - +0 whip
rCold   x . .      Faith    .   (no shield)
rNeg    . . .      Spirit   .   a - +0 robe
rPois   ∞          Reflect  .   (no helmet)
rElec   .          Harm     .   (no cloak)
rCorr   .          Rampage  .   (no gloves)
Will    .....                   (boots unavailable)
Stlth   ++........              (no amulet)
HPRegen 0.10/turn               (no ring)
MPRegen 0.00/turn               (no ring)

@: flying
A: sickness immunity, fire resistance 2, cold vulnerability 1, float, innate
caster, HP casting, extra vitality 1
a: Renounce Religion, Stomp, Line Pass


You were on level 2 of the Dungeon.
You worshipped Uskayaw.
Uskayaw was noncommittal.
You visited 1 branch of the dungeon, and saw 2 of its levels.

You collected 54 gold pieces.

Inventory:

Hand Weapons
 d - a +0 whip (weapon)
Missiles
 c - 4 javelins
 e - 12 stones
Armour
 a - a +0 robe (worn)
Scrolls
 b - a scroll of enchant armour {unknown}
 f - a scroll of magic mapping {unknown}
 g - a scroll of butterflies {unknown}


   Skills:
 + Level 1.3 Fighting
 + Level 3.0 Dodging
 + Level 2.3 Stealth
 + Level 2.8 Spellcasting


You couldn't memorise any spells.
You knew the following spells:

 Your Spells              Type           Power      Damage    Failure   Level
a - Foxfire               Conj/Fire      48%        2x1d6     5%          1
b - Scorch                Fire           24%        2d6       9%          2
c - Conjure Flame         Conj/Fire      12%        6-21      16%         3
d - Inner Flame           Hex/Fire       12%        N/A       16%         3
e - Flame Wave            Conj/Fire      12%        2d6       47%         4
f - Summon Small Mammal   Summ           48%        N/A       5%          1
Your spell library was empty.

Dungeon Overview and Level Annotations

Branches:
Dungeon (2/15)

Altars:
Uskayaw

Annotations:
D:2 Robin


Innate Abilities, Weirdness & Mutations

You are immune to sickness and miasma.
You are immune to poison.
Your flesh is very heat resistant. (rF++)
You are vulnerable to cold. (rC-)
You float through the air rather than walking.
You learn spells naturally, not from books.
Your magical power is your life essence.
You have superior vitality. (+4 MHP)


Message History

You are too injured to fight recklessly!
Unknown command.
You are too injured to fight recklessly!
You are too injured to fight recklessly!
You are too injured to fight recklessly!
You stomp with the beat, sending a shockwave through the revellers around you!
You kill the goblin! x2
The adder is severely wounded.
The adder barely misses you.
Robin's bangles clink loudly.
Uskayaw will force your foes to helplessly watch your dance.
You have reached level 4!
You feel clever.
Casting: Foxfire (safe; 5% risk of failure)
Confirm with . or Enter, or press ? or * to list all spells.
The spell is astonishingly dangerous to miscast (50% risk of failure)!
Continue anyway?
Casting: Flame Wave (astonishingly dangerous; 50% risk of failure)
Press: ? - help, Dir - look around, f - activate Look: a hobgoblin (strong)
A wave of flame ripples out!
The flame wave engulfs the adder!
You kill the adder!
The flame wave engulfs the hobgoblin.
You kill the hobgoblin! (Press . to intensify the flame waves.)
* * * LOW HITPOINT WARNING * * *
You hear an angry hiss.
Your Dodging skill increases to level 3!
Casting: Flame Wave (astonishingly dangerous; 47% risk of failure)
Confirm with . or Enter, or press ? or * to list all spells.
Flames lash the hobgoblin.
You kill the hobgoblin!
* * * LOW HITPOINT WARNING * * *
A ball python comes into view.
Casting: Scorch (safe; 9% risk of failure)
Confirm with . or Enter, or press ? or * to list all spells.
You don't have enough health to cast this spell.
The goblin attacks as you move away! The goblin hits you but does no damage.
The goblin no longer looks unusually strong.
Robin throws the goblin at you! The goblin hits you with a +0 club.
You die...

# ... ..
..##..# ...
#...... #S.#
......g ....#
#..Kg####....#
#g.).......
#####g.......
###.g....[#.###
####.g@#####.#
##....### ...
##.†#### .##
#.<## .# #.## #
... .[### ##


You could see Robin and 2 goblins.

Vanquished Creatures
  An adder (D:2)
  A dart slug (D:1)
  5 endoplasms (D:1)
  3 giant cockroaches (D:1)
  10 goblins
  7 hobgoblins
  2 quokkas (D:1)
  5 ball pythons (D:1)
  2 bats
  3 frilled lizards (D:1)
  2 kobolds (D:1)
  3 rats (D:1)
44 creatures vanquished.

Vanquished Creatures (others)
  57 foxfires (D:1)
57 creatures vanquished.

Grand Total: 101 creatures vanquished

Notes
Turn   | Place    | Note
-------+----------+-------------------------------------------
     0 | D:1      | rinta the Djinni Fire Elementalist began the quest for the
                  | Orb.
     0 | D:1      | rinta set off with the following spells memorised: Foxfire,
                  | Scorch, Conjure Flame, Inner Flame, Flame Wave.
     0 | D:1      | Reached XP level 1. HP: 15/15 MP: 0/0
   477 | D:1      | Reached XP level 2. HP: 12/21 MP: 0/0
  1108 | D:1      | Found a faded altar of an unknown god.
  1355 | D:1      | Reached XP level 3. HP: 24/26 MP: 0/0
  1355 | D:1      | Learned a level 1 spell: Summon Small Mammal
  1562 | D:1      | Reached skill level 1 in Fighting
  2288 | D:1      | Prayed at the altar of an unknown god.
  2288 | D:1      | Became a worshipper of Uskayaw the Reveller
  2288 | D:1      | Reached * piety under Uskayaw
  2325 | D:2      | Noticed Robin
  2328 | D:2      | Reached ** piety under Uskayaw
  2332 | D:2      | Reached *** piety under Uskayaw
  2337 | D:2      | Reached XP level 4. HP: 7/32 MP: 0/0
  2338 | D:2      | Reached skill level 3 in Dodging
  2343 | D:2      | Slain by a goblin

Illustrated notes

Levels and vault maps discovered:
D:1:      minmay_arrival_plants_in_alcoves, layout_basic,
          chequers_ecumenical_altar_simple, chequers_serial_rivers_micro_a
D:2:      layout_rooms, uniq_robin

Skill      XL: |  1  2  3  4 |
---------------+-------------+-----
Stealth        | 2 |  2.3
Fighting       | 1 |  1.3
Dodging        | 3 |  3.0
Spellcasting   | |  2.8

Action                   |  1- 3 |  4- 6 || total
-------------------------+-------+-------++-------
Melee: Whip              |    62 |       ||    62
       Punch             |     1 |       ||     1
 Cast: Foxfire           |    33 |       ||    33
       Scorch            |     7 |     1 ||     8
       Flame Wave        |       |     1 ||     1
Invok: Stomp             |     1 |       ||     1
 Stab: Sleeping          |     6 |       ||     6
       Paralysed         |     1 |       ||     1
Armor: Robe              |    16 |     2 ||    18
Dodge: Dodged            |    83 |       ||    83
